 Dungeon Crawl Stone Soup version 0.24.0-2-g5b39cebb1c (webtiles) character file.

Game seed: 18190684855122025194, levelgen mode: deterministic

266 Esekla the Slasher (level 6, -4/42 HPs)
             Began as an Octopode Abyssal Knight on Oct 30, 2019.
             Was a Priest of Lugonu.
             Slain by Eustachio
             ... wielding a +1 falchion of holy wrath
              (8 damage)
             ... on level 5 of the Dungeon.
             The game lasted 00:28:43 (4702 turns).

Esekla the Slasher (Octopode Abyssal Knight)        Turns: 4702, Time: 00:28:44

Health: -4/42      AC:  1    Str: 11      XL:     6   Next: 20%
Magic:  2/8        EV: 14    Int: 12 (15) God:    Lugonu [***...]
Gold:   330        SH:  0    Dex:  9 (13) Spells: 5/6 levels left

rFire    . . .     SeeInvis .   a - +1 falchion
rCold    . . .     Gourm    .   (no shield)
rNeg     . . .     Faith    .   o - +0 hat
rPois    .         Spirit   .   (no amulet)
rElec    .         Reflect  .   l - ring of flight
rCorr    .         Harm     .   f - ring of stealth
MR       .....                  (no ring)
Stlth    ++++......             (no ring)
HPRegen  0.14/turn              (no ring)
MPRegen  0.11/turn              (no ring)
                                (no ring)
                                (no ring)

@: no status effects
A: almost no armour, stealthy swim, amphibious, 8 rings, constrict 8, camouflage
1, gelatinous body 1
a: Depart the Abyss, Bend Space, Banish, Renounce Religion, Evoke Flight


You were on level 5 of the Dungeon.
You worshipped Lugonu.
Lugonu was most pleased with you.
You were hungry.

You visited 1 branch of the dungeon, and saw 5 of its levels.
You visited the Abyss 1 time.

You collected 330 gold pieces.

Inventory:

Hand Weapons
 a - a +1 falchion (weapon)
 m - a +0 vampiric hand axe
 p - a +0 spear
 v - a +2 antimagic dagger
Missiles
 x - 5 javelins (quivered)
Armour
 o - a +0 hat (worn)
Jewellery
 f - a ring of stealth (right tentacle)
 l - a ring of flight (left tentacle)
Wands
 e - a wand of flame (12)
Scrolls
 c - 2 scrolls of fog {unknown}
 n - 3 scrolls of teleportation {unknown}
 r - a scroll of enchant weapon {unknown}
 s - 4 scrolls of remove curse {unknown}
 w - 2 scrolls of random uselessness {unknown}
Potions
 d - a potion of lignification
 g - 2 potions of curing
 h - a potion of agility
 i - a potion of resistance
 j - a potion of degeneration
 k - a potion of heal wounds
 q - a potion of might
 t - a potion of brilliance
 u - a potion of mutation
Comestibles
 b - 9 rations


   Skills:
 + Level 3.4 Fighting
 * Level 4.6 Long Blades
 + Level 3.4 Dodging
 + Level 1.7 Stealth
 + Level 0.8 Spellcasting
 * Level 3.0 Invocations


You had 5 spell levels left.
You knew the following spells:

 Your Spells              Type           Power        Failure   Level  Hunger
a - Apportation           Tloc           #.....       30%         1    ##.....

Your spell library contained the following spells:

 Spells                   Type           Power        Failure   Level  Hunger
 Animate Skeleton         Necr           N/A          30%         1    ##.....
 Confusing Touch          Hex            #.....       30%         1    ##.....
 Summon Small Mammal      Summ           #...         30%         1    ##.....


Dungeon Overview and Level Annotations

Branches:
Dungeon (5/15)             Temple (0/1) D:4

Altars:
Gozag

Shops:
D:3 *

Annotations:
D:5 Eustachio


Innate Abilities, Weirdness & Mutations

You cannot wear most types of armour.
You are very stealthy in the water. (Stealth+)
You are amphibious.
You can wear up to eight rings at the same time.
You can use your tentacles to constrict eight enemies at once.
Your skin changes colour to match your surroundings (Stealth+).
Your rubbery body absorbs attacks. (AC +1, EV +1)


Message History

Found 23 stones.
Okay, then.
Eustachio casts a spell.
You closely miss Eustachio. Your grab misses Eustachio.
Your squeeze misses Eustachio.
Eustachio is severely wounded.
The quasit closely misses you. The quasit claws you.
* * * LOW HITPOINT WARNING * * *
The quasit barely misses you. Eustachio barely misses you.
You closely miss Eustachio. Your grab misses Eustachio.
Eustachio is severely wounded.
The quasit bites you.
* * * LOW HITPOINT WARNING * * *
You feel clumsy. The quasit misses you.
The quasit claws you but does no damage.
The iguana barely misses you.
You riposte.
You hit the iguana but do no damage. Your grab misses the iguana.
The crimson imp blinks!
Eustachio hits you with a +1 falchion of holy wrath!
You die...

... #### (.
....##.## .....#..#
.........##
..........##
.....$......##
.........l..#
#......5@##.#
#.......@#..#
..##...5..ยง.5.#
...#..........#
##.#........###
........#.....#
#..........#....##
....###....##....#
.....#........##.##


You could see Eustachio, an iguana, a quasit and a crimson imp.

Vanquished Creatures
  Crazy Yiuf (D:4)
  A worker ant (D:4)
  A hound skeleton (D:4)
  Robin (D:4)
  7 gnolls
  3 adders (D:2)
  An ooze (D:4)
  3 worms
  3 leopard geckos
  7 orcs
  2 giant cockroaches
  8 hobgoblins
  2 jackals (D:2)
  A quokka (D:4)
  3 bats
  3 frilled lizards (D:2)
  18 goblins
  7 kobolds
  7 rats
79 creatures vanquished.

Notes
Turn   | Place    | Note
-------+----------+-------------------------------------------
     0 | Abyss:1  | Esekla the Octopode Abyssal Knight began the quest for the
                  | Orb.
     0 | Abyss:1  | Reached XP level 1. HP: 16/16 MP: 2/2
    48 | Abyss:3  | Noticed a spatial vortex
    65 | Abyss:3  | Noticed a small abomination
    69 | Abyss:3  | Noticed a raiju
    70 | Abyss:3  | Noticed a raiju
    86 | Abyss:4  | Found a corrupted altar of Lugonu.
   146 | Abyss:4  | Noticed a flayed ghost
   154 | Abyss:4  | Noticed a water elemental
   154 | Abyss:4  | Noticed a water elemental
   154 | Abyss:4  | Noticed a starcursed mass
   168 | D:1      | Escaped the Abyss
   537 | D:1      | Reached * piety under Lugonu
   567 | D:1      | Reached XP level 2. HP: 21/21 MP: 3/3
   732 | D:2      | Reached XP level 3. HP: 18/26 MP: 4/4
  1037 | D:2      | Reached skill level 3 in Long Blades
  1211 | D:1      | Reached XP level 4. HP: 22/31 MP: 5/5
  1954 | D:3      | Reached ** piety under Lugonu
  2047 | D:2      | Learned a level 1 spell: Apportation
  2196 | D:3      | Found an opulent altar of Gozag.
  2200 | D:3      | Found Gozag's Platinum Reserve.
  2343 | D:3      | Reached XP level 5. HP: 36/36 MP: 6/6
  2628 | D:3      | Found a faded altar of an unknown god.
  2817 | D:4      | Noticed Robin
  2821 | D:3      | Reached skill level 1 in Stealth
  3374 | D:4      | HP: 2/54 [quokka (1)]
  3378 | D:4      | Reached skill level 4 in Long Blades
  3886 | D:4      | Reached *** piety under Lugonu
  3896 | D:4      | Killed Robin
  3896 | D:4      | Reached XP level 6. HP: 21/42 MP: 3/8
  3939 | D:4      | Found a runed translucent door.
  3940 | D:4      | Noticed Crazy Yiuf
  4118 | D:4      | Killed Crazy Yiuf
  4468 | D:4      | Found a staircase to the Ecumenical Temple.
  4673 | D:5      | Entered Level 5 of the Dungeon
  4673 | D:5      | Noticed Eustachio
  4702 | D:5      | Slain by Eustachio

Levels and vault maps discovered:
D:1:      zaba_arrival_water, layout_basic
D:2:      layout_loops_ring, first_ration
D:3:      layout_loops_ring, nicolae_gozag_zags_fifth_avenue,
          chequers_ecumenical_altar_grove, minmay_fractal_squares_gapless_5
D:4:      layout_loops_ring, temple_hall, uniq_crazy_yiuf_cottage, uniq_robin
D:5:      layout_cave_pools, kennysheep_mini, roderic_lattice_a, uniq_duvessa,
          uniq_eustachio

Skill      XL: |  1  2  3  4  5  6 |
---------------+-------------------+-----
Dodging        | 3 |  3.4
Long Blades    | 3 4 |  4.6
Stealth        | 1 |  1.7
Invocations    | 3 |  3.0
Fighting       | |  3.4
Spellcasting   | |  0.8

Action                   |  1- 3 |  4- 6 || total
-------------------------+-------+-------++-------
Melee: Falchion          |    54 |   105 ||   159
       Constrict         |    15 |    36 ||    51
       Tentacles         |     8 |    27 ||    35
       Dagger            |       |     9 ||     9
Throw: Javelin           |       |     1 ||     1
 Cast: Apportation       |       |     1 ||     1
Invok: Depart the Abyss  |     1 |       ||     1
       Bend Space        |       |     2 ||     2
  Use: Scroll            |       |     5 ||     5
       Potion            |       |     3 ||     3
 Stab: Sleeping          |     1 |     4 ||     5
  Eat: Chunk             |       |     8 ||     8
       Ration            |       |     1 ||     1
Armor: Skin              |     1 |    15 ||    16
Dodge: Dodged            |    33 |   108 ||   141
       Rpst.: Falchion   |     9 |    33 ||    42
